Map: Winter Madness LE

Players

GeneralAries

  • Race: Terran Terran
  • Spawn Location: 11:00

tatchka - Winner!

  • Race: Terran Terran
  • League: Diamond
  • Spawn Location: 5:00

VOD

Have the link to the VOD?

Description

Time

  • Played on: June 15, 2026, 2:55 a.m.
  • Length: 28:36
Show
View Real Time Build Order
Export as new Build Order

GeneralAries Terran 

Build Orders:  

Get SALT Encoding   

  12  0:00  SCV  
  13  0:12  SCV  
  14  0:18  Supply Depot  
  14  0:24  SCV  
  15  0:40  SCV  
  16  0:42  Barracks  
  16  0:47  Refinery  
  16  0:52  SCV  
  16  0:55  Refinery  
  17  1:04  SCV  
  18  1:17  SCV  
  19  1:29  SCV  
  19  1:30  Supply Depot  
  20  1:38  Barracks Reactor  
  20  1:41  SCV  
  21  1:53  SCV  
  22  1:55  Factory  
  22  2:05  SCV  
  23  2:09  Supply Depot  
  23  2:14  Reaper x2  
  25  2:18  Orbital Command  
  25  2:41  Command Center  
  25  2:42  Factory Tech Lab  
  25  2:48  Reaper  
  25  2:50  Marine  
  27  2:58  SCV  
  28  3:03  Siege Tank  
  24  3:48  Marine x2  
  22  3:49  Siege Tank  
  24  4:01  SCV  
  25  4:13  SCV  
  25  4:15  Reaper x2  
  28  4:25  SCV  
  29  4:37  SCV  
  30  4:46  Marine  
  30  4:47  Marine  
  30  4:49  SCV  
  33  4:55  SCV  
  34  5:01  SCV  
  35  5:07  SCV  
  35  5:13  SCV  
  37  5:18  Starport, Marine x2  
  37  5:20  SCV  
  40  5:25  SCV  
  40  5:27  Supply Depot  
  41  5:31  Refinery  
  41  5:32  SCV  
  42  5:36  Marine x2  
  42  5:37  SCV  
  43  5:44  SCV  
  43  5:49  Engineering Bay, SCV  
  43  5:56  SCV  
  44  6:02  SCV  
  45  6:05  Barracks  
  45  6:06  Starport Reactor  
  45  6:08  SCV, Siege Tank  
  45  6:09  Marine x2  
  51  6:15  Refinery  
  51  6:20  SCV  
  51  6:23  Bunker  
  52  6:27  Marine x2  
  52  6:32  SCV  
  55  6:33  SCV  
  55  6:37  Supply Depot  
  56  6:41  Missile Turret  
  56  6:44  SCV  
  56  6:45  SCV  
  58  6:56  SCV  
  58  6:57  SCV  
  58  7:00  Supply Depot  
  60  7:07  Barracks Tech Lab  
  60  7:16  Starport  
  60  7:19  Command Center  
  60  7:39  Supply Depot  
  60  7:46  Missile Turret  
  60  7:51  Orbital Command  
  60  7:53  Medivac  
  60  7:54  Medivac  
  60  7:56  SCV  
  65  8:02  Supply Depot  
  65  8:03  Missile Turret  
  65  8:05  Marine  
  66  8:07  Stimpack, Missile Turret  
  66  8:08  SCV  
  66  8:10  Starport Reactor  
  67  8:18  Starport Tech Lab  
  67  8:27  Missile Turret  
  67  8:28  SCV  
  67  8:33  Supply Depot  
  68  8:40  SCV  
  69  8:42  Armory  
  69  8:52  Starport Tech Lab  
  69  8:53  SCV  
  69  8:55  Fusion Core  
  70  9:05  SCV  
  70  9:07  SCV  
  72  9:17  SCV  
  72  9:19  SCV  
  72  9:22  Viking x3  
  80  9:30  Armory  
  74  9:44  Supply Depot  
  71  9:46  Combat Shield  
  70  10:00  SCV  
  71  10:08  Factory  
  71  10:09  Factory  
  71  10:12  SCV  
  71  10:13  Marine  
  71  10:14  Marine  
  74  10:15  Weapon Refit  
  74  10:18  Medivac, Liberator  
  74  10:19  Liberator  
  82  10:22  Terran Vehicle Weapons Level 1, Terran Vehicle And Ship Armor Level 1  
  82  10:24  SCV  
  83  10:32  Supply Depot  
  83  10:33  SCV  
  84  10:45  Refinery, SCV  
  84  10:48  Viking  
  87  10:50  Refinery  
  87  10:51  Missile Turret  
  87  10:55  Factory  
  87  10:57  SCV  
  87  11:01  Viking x2, Barracks  
  92  11:10  SCV  
  93  11:11  Missile Turret  
  93  11:22  SCV  
  93  11:25  Factory Tech Lab x2  
  94  11:30  SCV  
  95  11:34  SCV  
  96  11:40  Sensor Tower  
  96  11:42  SCV  
  96  11:46  SCV  
  98  11:54  SCV  
  98  11:55  Advanced Ballistics  
  98  11:58  SCV  
  100  12:01  Factory Tech Lab  
  100  12:03  Thor  
  100  12:04  Thor  
  100  12:06  Viking x2, SCV  
  117  12:09  Command Center, Missile Turret  
  117  12:10  SCV  
  117  12:12  Supply Depot  
  118  12:16  Marine x2  
  118  12:18  Sensor Tower, Barracks Tech Lab, SCV  
  118  12:21  Ghost Academy  
  121  12:23  Ghost Academy  
  121  12:31  Missile Turret  
  121  12:37  Supply Depot  
  121  12:41  Thor x2  
  133  12:47  Hi-Sec Auto Tracking  
  133  12:51  Missile Turret  
  133  12:54  Ghost Academy  
  133  12:56  Ghost Academy  
  133  12:58  Nuke  
  133  13:00  Supply Depot  
  133  13:02  Refinery  
  133  13:07  Sensor Tower  
  133  13:10  Barracks  
  133  13:11  Orbital Command  
  133  13:25  Personal Cloaking  
  133  13:29  Nuke  
  133  13:32  Nuke  
  133  13:59  Barracks  
  132  14:33  Thor x3  
  132  14:37  Terran Vehicle Weapons Level 2, Terran Vehicle And Ship Armor Level 2  
  150  14:40  Ghost  
  152  14:47  SCV  
  152  14:51  Nuke  
  153  14:54  Refinery  
  153  14:59  SCV  
  139  15:11  SCV  
  140  15:21  Thor x2  
  140  15:22  Thor  
  140  15:23  SCV  
  159  15:35  SCV  
  160  15:55  Command Center, Refinery  
  160  15:57  Refinery  
  160  15:58  Missile Turret  
  146  16:20  Missile Turret  
  146  16:21  Missile Turret  
  146  16:23  Sensor Tower  
  140  16:40  Thor x3  
  140  16:46  SCV  
  159  16:58  SCV, Sensor Tower  
  160  17:06  Sensor Tower  
  160  17:10  Sensor Tower  
  153  17:34  SCV  
  150  17:46  SCV  
  151  17:58  SCV  
  144  18:10  SCV  
  145  18:22  SCV  
  146  18:27  Missile Turret  
  146  18:31  Sensor Tower  
  146  18:34  SCV  
  146  18:37  SCV  
  148  18:47  SCV  
  149  18:49  Thor x4, SCV  
  149  18:53  Marine x3  
  149  18:55  Marine  
  178  19:01  SCV  
  179  19:13  Marine, SCV  
  181  19:25  SCV  
  94  20:10  Siege Tank x3  
  94  20:11  Siege Tank  
  94  20:12  Marine  
  94  20:13  Marine x2  
  91  20:30  Marine x2  
  91  20:31  Marine, Starport x2  
  91  20:32  Starport  
  85  20:48  Marine x2  
  85  20:49  Marine  
  69  21:06  Marine  
  68  21:11  SCV  
  68  21:16  Siege Tank x4  
  80  21:19  Liberator x3  
  80  21:20  Viking  
  80  21:24  SCV  
  68  21:36  SCV  
  69  21:48  SCV  
  69  21:50  Medivac  
  72  22:00  SCV  
  73  22:01  Siege Tank x2  
  72  22:52  Marine  
  72  22:53  Marine x2  
  73  22:59  Marine  
  62  23:10  Marine x2  
  62  23:17  Marine  
  58  23:35  Marine  
  56  23:53  Marine  
  29  24:10  Marine  
  29  24:11  Marine x2  
  29  24:13  Marine  
  29  24:16  SCV  
  32  24:28  SCV, Marine x2  
  32  24:29  Marine  
  32  24:31  Marine  
  37  24:38  Siege Tank  
  37  24:39  Siege Tank  
  37  24:40  SCV, Liberator  
  37  24:41  Liberator  
  37  24:42  Medivac  
  52  24:49  Marine  
  53  25:07  Marine  
  53  25:12  Orbital Command  
  47  25:24  Marine  
  40  25:39  Reaper, Marine x2  
  40  25:42  Marine  
  43  25:54  Barracks, SCV  
  43  25:55  Barracks  
  43  25:57  Marine x2  
  44  26:00  Marine  
  47  26:06  SCV  
  47  26:11  Marine  
  47  26:14  Marine  
  47  26:15  Marine  
  47  26:18  Marine, SCV  
  39  26:30  SCV  
  40  26:36  Marine  
  39  26:42  SCV  
  39  26:54  SCV  
  39  27:04  Marine x2  
  39  27:06  SCV  
  43  27:09  Marine  
  43  27:11  Hellion  
  43  27:14  Hellion x3  
  51  27:18  SCV  
  50  27:27  Marine  
  48  27:30  Marine  
  48  27:31  Marine  
  48  27:32  Hellion  
  41  27:45  Marine  
  41  27:48  Marine x3  
  35  28:02  Marine  
  35  28:04  SCV  
  31  28:06  Marine x2  
  31  28:08  Refinery  
  31  28:09  Refinery  
Show
View Real Time Build Order
Export as new Build Order

tatchka Terran - Winner!

Build Orders:  

Get SALT Encoding   

  12  0:06  SCV  
  13  0:20  SCV  
  14  0:24  Supply Depot  
  14  0:26  Refinery  
  14  0:33  SCV  
  15  0:57  SCV  
  15  1:00  Refinery  
  15  1:01  Barracks  
  16  1:09  SCV  
  17  1:11  Barracks  
  17  1:25  Barracks  
  17  1:33  SCV  
  18  1:41  Supply Depot  
  18  1:48  SCV  
  18  1:50  Reaper  
  20  1:58  Reaper  
  21  2:01  SCV  
  22  2:13  SCV  
  23  2:16  Supply Depot  
  23  2:17  Reaper  
  24  2:25  Reaper, SCV  
  26  2:33  Reaper  
  27  2:40  Orbital Command  
  27  2:59  Barracks Tech Lab  
  27  3:00  Factory  
  27  3:13  Barracks Reactor  
  27  3:14  Barracks Reactor  
  22  3:56  Marine  
  22  3:57  Marine x3  
  22  3:59  Stimpack  
  22  4:02  Factory Reactor  
  26  4:03  Starport  
  26  4:04  SCV  
  27  4:16  SCV, Command Center  
  28  4:18  Supply Depot  
  28  4:19  Marine x2  
  28  4:20  Marine x2  
  32  4:28  Marine  
  33  4:55  Marine x3  
  33  4:56  Marine  
  33  4:59  Factory Tech Lab  
  37  5:02  Marine  
  37  5:05  Medivac x2  
  42  5:09  Engineering Bay  
  42  5:11  Engineering Bay  
  42  5:20  Siege Tank  
  45  5:25  Marine x2  
  47  5:36  Command Center  
  47  6:04  Combat Shield  
  47  6:05  Marine  
  47  6:06  Marine x4  
  47  6:07  Medivac  
  47  6:10  Medivac  
  56  6:12  SCV  
  54  6:18  Orbital Command  
  37  7:06  Siege Tank  
  40  7:09  Liberator  
  43  7:28  Refinery  
  43  7:32  Refinery  
  43  7:37  Orbital Command  
  43  7:42  Marine  
  43  7:43  Marine x4  
  48  7:49  Terran Infantry Weapons Level 1, Terran Infantry Armor Level 1  
  48  7:50  Barracks x2  
  48  7:51  Barracks  
  48  8:10  Armory  
  48  8:11  SCV  
  48  8:12  SCV  
  50  8:17  SCV  
  51  8:23  SCV  
  51  8:24  SCV  
  53  8:27  Missile Turret  
  53  8:29  SCV  
  53  8:33  Missile Turret  
  54  8:35  Missile Turret, SCV  
  54  8:36  SCV  
  54  8:39  Barracks Reactor  
  56  8:41  SCV  
  56  8:43  Barracks Reactor  
  56  8:46  Barracks Tech Lab  
  54  9:53  Viking x2  
  54  9:57  Starport  
  58  10:09  Missile Turret  
  58  10:11  Missile Turret  
  58  10:16  SCV x2  
  58  10:17  SCV, Missile Turret  
  61  10:22  Missile Turret  
  61  10:23  Thor  
  61  10:25  Marine  
  61  10:26  Marine x5  
  61  10:27  Marine x4  
  77  10:35  Missile Turret  
  77  10:37  Supply Depot  
  77  10:40  Missile Turret  
  77  10:42  Starport Reactor  
  77  10:43  Missile Turret  
  77  10:54  Terran Infantry Weapons Level 2, Terran Infantry Armor Level 2  
  77  10:59  Marine, SCV x3  
  81  11:04  Refinery  
  81  11:15  Viking x2  
  81  11:16  Refinery  
  85  11:42  Supply Depot  
  85  11:43  Supply Depot  
  85  11:44  Supply Depot  
  85  11:45  Supply Depot  
  85  11:48  Supply Depot x3  
  85  11:49  Supply Depot x2  
  85  12:03  Marine x2, Barracks Reactor, Viking x3  
  85  12:04  Marine x3, Viking, Siege Tank  
  85  12:05  Marine x3  
  104  12:11  SCV  
  105  12:21  Marine x2  
  105  12:22  Marine x3  
  110  12:23  Marine x2  
  110  12:27  SCV x3  
  115  12:31  Terran Ship Weapons Level 1  
  115  12:39  Siege Tank  
  115  12:40  Viking  
  115  12:41  Viking x2  
  124  12:45  Viking  
  126  13:06  Missile Turret  
  126  13:30  Missile Turret  
  126  13:34  Missile Turret  
  126  13:35  Command Center  
  126  13:36  Command Center  
  126  13:37  SCV  
  126  13:38  SCV x2  
  126  13:40  Terran Infantry Weapons Level 3  
  129  13:49  SCV  
  106  15:26  Marine  
  106  15:27  Marine x9  
  116  15:36  Terran Infantry Armor Level 3  
  116  15:38  Terran Ship Weapons Level 2  
  116  15:44  Marine  
  116  15:45  Marine x5  
  122  15:54  Barracks x3  
  122  15:58  Barracks  
  122  15:59  Refinery  
  122  16:00  Siege Tank  
  122  16:03  Refinery  
  113  16:32  Siege Tank  
  112  16:47  Viking x4  
  112  16:53  Barracks Reactor x2  
  120  17:15  Barracks Reactor  
  120  17:17  Viking x4  
  120  17:20  Barracks Reactor x2  
  96  18:09  Siege Tank  
  96  18:10  Liberator x2  
  96  18:11  Liberator x2  
  111  18:15  Fusion Core  
  111  18:16  Marine x13  
  111  18:17  Marine x2  
  126  18:41  Marine x5  
  126  18:42  Marine x9  
  126  18:44  Siege Tank  
  143  18:53  Liberator x3  
  143  18:54  Liberator  
  155  19:16  Siege Tank  
  150  19:19  Marine  
  150  19:20  Marine x14  
  162  19:36  Liberator x4  
  103  20:16  Marine x9  
  103  20:17  Marine  
  106  20:37  Command Center  
  106  20:46  Marine  
  106  20:47  Marine x15  
  104  21:04  Marine x2  
  82  21:45  Marine  
  82  21:46  Marine x15  
  98  21:50  Terran Ship Weapons Level 3  
  98  21:58  Starport x2  
  98  21:59  Starport x3  
  98  22:03  Starport, Marine, Weapon Refit  
  98  22:04  Marine x3  
  79  23:07  Liberator x4  
  79  23:08  Siege Tank  
  79  23:09  Marine  
  79  23:10  Marine x8  
  81  24:19  Missile Turret  
  81  24:54  Orbital Command  
  81  25:02  Starport Tech Lab x3, Missile Turret x2  
  81  25:03  Starport Tech Lab x2  
  81  25:04  Starport Tech Lab  
  80  25:27  Marine  
  80  25:28  Marine x15  
  84  25:30  Siege Tank  
  84  25:32  Viking x4  
  84  25:33  Viking x2  
  84  25:35  Viking x3  
  115  25:38  Terran Vehicle And Ship Armor Level 1  
  115  25:45  Marine  
  115  25:46  Marine x8  
  86  27:55  Marine  
  86  27:56  Marine x15  
Tags
 
League
Diamond
Matchup
TvT
Race
Terran
Spawn Locations
Cross Positions
Add a new tag
Caveats
  • Supply blocks, unpowered buildings, or Contaminate may cause inaccurate times.
  • Supply counts are checked every 10 seconds.